Match 46582514
Unlisted

Match 46582514
End
Scout Squad
Selects Airborne Battlegroup
Selects Heavy Machine Gun Paradrop
Heavy Machine Gun Paradrop
Engineer Squad
Engineer Squad
Construct Medical Station
Infantry Support Center
Heavy Machine Gun Paradrop
Construct Weapon Support Center
M3 Armored Personnel Carrier
Selects Recon Loiter
Selects Supply Drop
Supply Drop
.30 cal Machine Gun
M3 Armored Personnel Carrier
Supply Drop
Heavy Machine Gun Paradrop
Construct Tank Depot
Engineer Squad
Selects Paratrooper Squad Paradrop
Recon Loiter
M4(105) Sherman Bulldozer
Supply Drop
Recon Loiter
M18 Hellcat Tank Destroyer
Recon Loiter
Selects Carpet Bombing Run
Recon Loiter
Paratrooper Squad Paradrop
Recon Loiter
M4(105) Sherman Bulldozer
Recon Loiter
Engineer Squad
Carpet Bombing Run
Supply Drop
Recon Loiter
M18 Hellcat Tank Destroyer
M4(105) Sherman Bulldozer
Recon Loiter
M18 Hellcat Tank Destroyer
Carpet Bombing Run
Bego
aSIIDemolitionHammer
Deliri0us
Itaperuna
0
0

Comments sign in to comment!

No comments posted yet!